 Dungeon Crawl Stone Soup version 0.21.1-1-g345015f (webtiles) character file.

84 theblackcape the Sneak (level 4, -4/38 HPs)
             Began as a Gnoll Wanderer on June 19, 2018.
             Was an Initiate of Okawaru.
             Killed by divine providence
             ... invoked by an orc priest
              (12 damage)
             ... on level 3 of the Dungeon.
             The game lasted 00:05:41 (1760 turns).

theblackcape the Sneak (Gnoll Wanderer)             Turns: 1760, Time: 00:05:42

Health: -4/38      AC:  4    Str: 12    XL:     4   Next: 46%
Magic:  5/5        EV: 12    Int: 18    God:    Okawaru [......]
Gold:   131        SH:  0    Dex: 14    Spells: 5/5 levels left

rFire    . . .     SeeInvis .   a - +2 dagger
rCold    . . .     Gourm    .   (no shield)
rNeg     . . .     Faith    .   m - +0 leather armour
rPois    +         Spirit   .   (no helmet)
rElec    .         Reflect  .   (no cloak)
rCorr    .         Harm     .   (no gloves)
MR       .....                  j - +0 pair of boots
Stlth    ++++......             (no amulet)
HPRegen  0.12/turn              s - ring of poison resistance
MPRegen  0.09/turn              (no ring)

@: no status effects
A: distributed training, fangs 1, strong nose
a: Renounce Religion


You were on level 3 of the Dungeon.
You worshipped Okawaru.
Okawaru was noncommittal.
You were hungry.

You visited 1 branch of the dungeon, and saw 3 of its levels.

You collected 131 gold pieces.

Inventory:

Hand Weapons
 a - a +2 dagger (weapon)
 c - a +0 quarterstaff
 d - a +0 shortbow
Missiles
 e - 22 arrows
Armour
 j - a +0 pair of boots (worn)
 m - a +0 leather armour (worn)
Jewellery
 s - a ring of poison resistance (left hand)
Scrolls
 h - a scroll of identify {unknown}
 l - 3 scrolls of remove curse {unknown}
 n - 2 scrolls of enchant weapon {unknown}
 o - a scroll of fear {unknown}
 p - a scroll of magic mapping {unknown}
 q - a scroll of amnesia {unknown}
 r - 2 scrolls of blinking {unknown}
 t - 2 scrolls of teleportation {unknown}
 u - 4 scrolls of fog {unknown}
Potions
 b - 4 potions of heal wounds
 f - a potion of degeneration {unknown}
 i - 2 potions of lignification {unknown}
 k - 3 potions of curing {unknown}
 v - a potion of brilliance {unknown}
 w - a potion of cancellation {unknown}
Comestibles
 g - 5 rations
 x - a chunk of flesh


   Skills:
 + Level 4.6 Fighting
 + Level 1.1 Short Blades
 + Level 1.1 Long Blades
 + Level 1.1 Axes
 + Level 1.1 Maces & Flails
 + Level 1.1 Polearms
 + Level 2.7 Staves
 + Level 1.1 Slings
 + Level 4.6 Bows
 + Level 1.1 Crossbows
 + Level 1.1 Throwing
 + Level 1.1 Armour
 + Level 2.7 Dodging
 + Level 7.8 Stealth
 + Level 1.1 Shields
 + Level 1.1 Unarmed Combat
 + Level 1.1 Spellcasting
 + Level 0.9 Conjurations
 + Level 0.9 Hexes
 + Level 0.9 Charms
 + Level 0.9 Summonings
 + Level 0.9 Necromancy
 + Level 0.9 Translocations
 + Level 0.9 Transmutations
 + Level 0.9 Fire Magic
 + Level 0.9 Ice Magic
 + Level 0.9 Air Magic
 + Level 0.9 Earth Magic
 + Level 0.9 Poison Magic
 + Level 1.2 Invocations
 + Level 1.1 Evocations


You had 5 spell levels left.
You didn't know any spells.

Dungeon Overview and Level Annotations

Branches:
Dungeon (3/15)

Altars:
Fedhas
Okawaru
Ru
Uskayaw
Xom


Innate Abilities, Weirdness & Mutations

Your experience applies equally to all skills.
You have very sharp teeth.
Your uncanny sense of smell can sniff out nearby items.


Message History

The orc hits you but does no damage. The adder bites you but does no damage.
The orc barely misses you.
The orc priest calls down the wrath of Beogh upon you.
Beogh smites you!
* * * LOW HITPOINT WARNING * * *
You hit the orc.
You kill the orc!
Okawaru accepts your kill. The adder bites you.
* * * LOW HITPOINT WARNING * * *
The orc closely misses you. The orc priest barely misses you.
The adder barely misses you.
The leopard gecko hisses menacingly.
The orc priest hits you with an enchanted falchion.
* * * LOW HITPOINT WARNING * * *
Things that are here:
a club; an orc corpse The orc priest calls down the wrath of Beogh upon you.
Beogh smites you!
You die...

##<##.##..#. #.≈_≈.##
#.# ....#.# #.≈≈≈..#
#.# #..#.###.≈.≈≈.#
#.####.....#..#S#..#∆
#............##o#.##
#.........$..##o#.#
##.###..###...%oo.#
#.# #.....#.##S###
#.# #..####.##@# #.#
#... ..##.# #.#
#........... ..#
#.......##!## ..#
#.#.....##.# ..#
#.#..).. #$# #..# #.#
#.#


You could see an orc priest, 2 adders and 3 orcs.

Vanquished Creatures
  4 adders
  An ooze (D:1)
  2 dart slugs
  A leopard gecko (D:2)
  2 orcs
  5 bats
  8 goblins (D:2)
  3 hobgoblins
  A ball python (D:1)
  2 frilled lizards (D:2)
  6 kobolds
  5 rats
40 creatures vanquished.

Notes
Turn   | Place    | Note
-------+----------+-------------------------------------------
     0 | D:1      | theblackcape the Gnoll Wanderer began the quest for the Orb.
     0 | D:1      | theblackcape set off with: a +2 dagger, a potion of heal wounds, a +0 quarterstaff, a +0 shortbow, 22 arrows, a +0 robe, a ration
     0 | D:1      | Reached XP level 1. HP: 20/20 MP: 1/1
   341 | D:1      | Reached XP level 2. HP: 26/26 MP: 2/2
   414 | D:1      | Found a shimmering altar of Xom.
   956 | D:2      | Reached XP level 3. HP: 30/31 MP: 3/3
  1058 | D:2      | Reached skill level 1 in Invocations
  1239 | D:2      | Found an iron altar of Okawaru.
  1246 | D:2      | Reached skill level 1 in Short Blades
  1246 | D:2      | Reached skill level 1 in Long Blades
  1246 | D:2      | Reached skill level 1 in Axes
  1246 | D:2      | Reached skill level 1 in Maces & Flails
  1246 | D:2      | Reached skill level 1 in Polearms
  1246 | D:2      | Reached skill level 1 in Slings
  1246 | D:2      | Reached skill level 1 in Crossbows
  1246 | D:2      | Reached skill level 1 in Throwing
  1246 | D:2      | Reached skill level 1 in Armour
  1246 | D:2      | Reached skill level 1 in Shields
  1246 | D:2      | Reached skill level 1 in Unarmed Combat
  1246 | D:2      | Reached skill level 1 in Spellcasting
  1246 | D:2      | Reached skill level 1 in Evocations
  1255 | D:2      | Became a worshipper of Warmaster Okawaru
  1390 | D:2      | Reached XP level 4. HP: 38/38 MP: 5/5
  1397 | D:2      | Found a sacrificial altar of Ru.
  1461 | D:2      | Found a hide-covered altar of Uskayaw.
  1719 | D:3      | Found a blossoming altar of Fedhas.
  1760 | D:3      | Killed from afar by an orc priest

Skill      XL: |  1  2  3 |
---------------+----------+-----
Invocations    | 1 |  1.2
Short Blades   | 1 |  1.1
Long Blades    | 1 |  1.1
Axes           | 1 |  1.1
Maces & Flails | 1 |  1.1
Polearms       | 1 |  1.1
Slings         | 1 |  1.1
Crossbows      | 1 |  1.1
Throwing       | 1 |  1.1
Armour         | 1 |  1.1
Shields        | 1 |  1.1
Unarmed Combat | 1 |  1.1
Spellcasting   | 1 |  1.1
Evocations     | 1 |  1.1
Fighting       | |  4.6
Staves         | |  2.7
Bows           | |  4.6
Dodging        | |  2.7
Stealth        | |  7.8
Conjurations   | |  0.9
Hexes          | |  0.9
Charms         | |  0.9
Summonings     | |  0.9
Necromancy     | |  0.9
Translocations | |  0.9
Transmutations | |  0.9
Fire Magic     | |  0.9
Ice Magic      | |  0.9
Air Magic      | |  0.9
Earth Magic    | |  0.9
Poison Magic   | |  0.9

Action                   |  1- 3 |  4- 6 || total
-------------------------+-------+-------++-------
Melee: Dagger            |    75 |    38 ||   113
       Bite              |     4 |     4 ||     8
 Fire: Shortbow          |       |     4 ||     4
 Stab: Sleeping          |    13 |     4 ||    17
       Distracted        |     1 |       ||     1
  Eat: Chunk             |     1 |     1 ||     2
Armor: Robe              |     4 |       ||     4
       Leather armour    |    18 |    14 ||    32
Dodge: Dodged            |    45 |    35 ||    80
